Map: Overgrowth LE (Void)

Players

Emil

  • Race: Zerg Zerg
  • League: Diamond
  • Spawn Location: 1:00

Lilrot - Winner!

  • Race: Terran Terran
  • League: Diamond
  • Spawn Location: 7:00

VOD

Have the link to the VOD?

Description

Time

  • Played on: Nov. 28, 2016, 10:09 a.m.
  • Length: 7:02
Show
View Real Time Build Order
Export as new Build Order

Emil Zerg 

Build Orders: Pool First 

Get SALT Encoding   

  12  0:09  Drone  
  13  0:15  Overlord  
  13  0:17  Drone  
  14  0:34  Drone  
  15  0:43  Drone x2  
  17  0:58  Spawning Pool  
  16  1:09  Hatchery  
  15  1:12  Drone  
  15  1:15  Extractor  
  15  1:21  Drone  
  15  1:22  Drone  
  17  1:30  Drone  
  18  1:34  Extractor  
  17  1:43  Drone  
  17  1:45  Queen  
  20  2:00  Drone x2  
  22  2:22  Drone  
  23  2:23  Drone x2  
  23  2:27  Queen  
  27  2:31  Overlord  
  27  2:38  Drone  
  28  2:48  Overlord  
  28  2:49  Queen  
  30  2:54  Drone  
  30  2:55  Drone x2  
  30  2:56  Evolution Chamber, Metabolic Boost  
  32  3:03  Overlord  
  32  3:08  Drone  
  32  3:09  Drone  
  32  3:10  Drone  
  35  3:13  Drone  
  36  3:20  Drone  
  36  3:21  Drone  
  36  3:25  Zerg Ground Armor Level 1  
  38  3:34  Drone x2  
  40  3:43  Zergling x2  
  40  3:45  Zergling x2  
  42  3:52  Hatchery  
  41  3:59  Queen  
  41  4:02  Extractor, Drone  
  46  4:03  Drone x2  
  46  4:05  Extractor  
  46  4:08  Lair  
  44  4:14  Zergling x12  
  50  4:38  Zergling x2  
  50  4:39  Zergling x2  
  50  5:02  Drone  
  50  5:03  Drone x6  
  50  5:04  Overlord x2  
  57  5:09  Baneling Nest  
  56  5:16  Evolution Chamber  
  55  5:23  Pneumatized Carapace  
  55  5:26  Drone  
  55  5:27  Drone x9  
  65  5:33  Extractor  
  64  5:59  Baneling x2  
  64  6:01  Zergling x14  
  64  6:02  Zergling x4  
  64  6:03  Overlord x2  
  57  6:27  Zergling x2  
  57  6:28  Zergling x16  
  63  6:35  Zergling x2  
  63  6:36  Zergling x6  
Show
View Real Time Build Order
Export as new Build Order

Lilrot Terran - Winner!

Build Orders: MMM Bio 

Get SALT Encoding   

  12  0:00  SCV  
  13  0:13  SCV  
  14  0:20  Supply Depot  
  14  0:25  SCV  
  15  0:43  Barracks  
  15  0:47  Refinery  
  15  0:51  Barracks  
  15  0:56  SCV  
  16  1:08  SCV  
  17  1:20  SCV  
  18  1:36  Marine  
  18  1:39  Orbital Command  
  19  1:43  Marine  
  20  1:53  Command Center  
  20  1:56  Marine  
  21  2:05  SCV  
  22  2:11  Barracks Tech Lab  
  22  2:13  Supply Depot  
  22  2:20  SCV  
  22  2:22  Barracks Reactor  
  23  2:33  Refinery  
  23  2:34  Marine  
  23  2:35  SCV  
  25  2:45  Supply Depot  
  25  2:50  Stimpack  
  25  2:51  SCV  
  26  2:52  Marine  
  27  2:59  Marine x2  
  27  3:03  SCV  
  30  3:06  Orbital Command  
  30  3:09  Bunker  
  30  3:14  Supply Depot  
  30  3:16  Marine  
  31  3:23  Marine  
  31  3:25  SCV  
  33  3:35  SCV  
  33  3:36  Factory  
  33  3:39  Marine  
  35  3:45  Supply Depot  
  35  3:46  SCV  
  36  3:49  Marine  
  36  3:51  Marine  
  36  3:53  SCV  
  39  4:00  Marine  
  40  4:03  SCV  
  40  4:06  Marine  
  40  4:07  Engineering Bay  
  42  4:11  Supply Depot  
  42  4:12  SCV  
  42  4:14  Marine  
  44  4:19  SCV  
  44  4:20  Factory Reactor  
  44  4:23  Starport  
  45  4:26  Marine  
  45  4:28  SCV  
  45  4:30  Marine  
  48  4:31  SCV  
  49  4:47  Marine x2  
  49  4:48  SCV x2  
  49  4:50  Marine  
  49  4:51  Combat Shields  
  54  5:00  SCV  
  54  5:01  Supply Depot  
  54  5:05  Supply Depot, Marine x2  
  54  5:06  SCV  
  58  5:08  Medivac x2  
  58  5:12  SCV  
  63  5:16  Factory Reactor  
  63  5:18  SCV  
  63  5:19  Marine  
  65  5:22  Marine  
  65  5:24  SCV  
  65  5:25  Supply Depot  
  67  5:31  Missile Turret  
  68  5:35  SCV  
  68  5:36  Refinery x2, Marine  
  69  5:44  SCV  
  69  5:47  SCV, Missile Turret  
  71  5:55  Widow Mine x2  
  75  6:03  SCV  
  76  6:05  Supply Depot  
  75  6:19  Command Center, SCV x2  
  75  6:24  Widow Mine  
  76  6:25  Marine  
  76  6:26  Marine x2  
  76  6:30  Widow Mine  
  76  6:31  SCV x2  
  83  6:43  Marine x2, SCV  
  83  6:44  Marine  
  83  6:46  Supply Depot  
  87  7:00  Supply Depot  
Tags
 
Composition
MMM Bio
Matchup
TvZ
Opening
Pool First
Replay Pack
EmSC2Tv
Spawn Locations
Cross Positions
Add a new tag
Caveats
  • Supply blocks, unpowered buildings, or Contaminate may cause inaccurate times.
  • Supply counts are checked every 10 seconds.